AoeStats
← Skerlitz

Arena

509959989Analyzed
3v3 RM · 4d ago on Sep 28, 2026· 47m 7s· 6 players
Game mode
Random Map
Map size
Normal (6 player)
Population
200
Speed
Normal
Resources
Standard
Victory
Conquest
Starting age
Dark Age
Ending age
Imperial Age
RankedLock teamsTeams togetherTeam positionsShared explorationLock speedFull tech treeHidden civsTurbo modeCheats
Victory
Defeat
🇹🇷 Mongols · Türkiye
1117
+12
🇩🇪 Turks · Germany
1066
+14
🇫🇷 Malians · France
1022
+16
🇫🇷 Spanish · France
1075
-16
🇩🇿 Bohemians · Algeria
1033
-14
🇩🇿 Aztecs · Algeria
968
-12
dergrashalmdeineroma
11:06 Feudal Age
12:21 Loom
14:55 Castle Age
12:48 Double-Bit Axe
13:03 Horse Collar
16:55 Wheelbarrow
18:10 Stone Mining
18:42 Bow Saw
21:28 Hand Cart
22:30 Heavy Plow
22:50 Gold Mining
24:32 Fletching
25:06 Ballistics
24:58 Masonry
29:53 Imperial Age
27:46 Padded Archer Armor
28:49 Gold Shaft Mining
29:29 Bodkin Arrow
29:36 Murder Holes
30:37 Leather Archer Armor
30:29 Scale Barding Armor
30:35 Forging
30:37 Bloodlines
30:27 Husbandry
30:19 Town Watch
31:46 Two-Man Saw
31:22 Conscription
32:55 Elite Janissary
34:03 Bracer
36:17 Artillery
39:35 Chain Barding Armor
39:51 Iron Casting
39:46 Ring Archer Armor
39:52 Architecture
39:04 Treadmill Crane
39:56 Architecture
40:03 Hoardings
43:58 Plate Barding Armor
44:23 Blast Furnace
uselessplayer
11:57 Feudal Age
15:42 Castle Age
14:08 Double-Bit Axe
14:54 Horse Collar
15:56 Loom
22:28 Bow Saw
25:46 Wheelbarrow
25:00 Town Watch
29:12 Imperial Age
27:22 Gold Mining
27:25 Stone Mining
27:37 Heavy Plow
28:04 Bloodlines
27:54 Husbandry
27:17 Light Cavalry
29:05 Forging
29:03 Scale Barding Armor
30:15 Gold Shaft Mining
30:20 Stone Shaft Mining
30:43 Iron Casting
29:30 Cavalier
30:53 Coinage
30:38 Guilds
32:43 Chain Barding Armor
34:11 Plate Barding Armor
33:36 Scale Mail Armor
33:37 Squires
33:23 Arson
32:58 Pikeman
35:42 Banking
37:24 Crop Rotation
37:07 Masonry
37:20 Ballistics
38:01 Chemistry
37:23 Chain Mail Armor
38:42 Hand Cart
41:32 Plate Mail Armor
43:37 Conscription
43:26 Farimba
44:00 Fletching
44:42 Architecture
44:26 Town Patrol
45:09 Bodkin Arrow
ikaradayi976
11:12 Feudal Age
15:05 Castle Age
12:56 Double-Bit Axe
13:09 Horse Collar
23:10 Wheelbarrow
22:22 Loom
25:04 Gold Mining
30:00 Imperial Age
29:21 Fletching
30:10 Gold Shaft Mining
31:21 Bodkin Arrow
32:12 Bracer
34:13 Bloodlines
34:04 Husbandry
34:31 Thumb Ring
35:39 Parthian Tactics
37:06 Stone Mining
37:23 Elite Mangudai
40:01 Bow Saw
39:54 Heavy Plow
41:26 Chemistry
40:46 Ballistics
41:00 Drill
42:39 Conscription
42:00 Capped Ram
43:00 Hand Cart
44:07 Padded Archer Armor
45:31 Heavy Scorpion
45:59 Siege Ram
Obi_Wan_Kenobi
9:45 Loom
11:31 Feudal Age
12:59 Horse Collar
13:06 Double-Bit Axe
14:59 Wheelbarrow
15:46 Wheelbarrow
18:06 Castle Age
17:05 Stone Mining
22:00 Gold Mining
26:38 Elite Skirmisher
31:57 Imperial Age
31:03 Bloodlines
30:59 Husbandry
30:20 Light Cavalry
32:29 Bow Saw
32:31 Hussar
35:25 Padded Archer Armor
35:15 Fletching
36:28 Chemistry
37:45 Leather Archer Armor
37:25 Bodkin Arrow
42:07 Ring Archer Armor
41:37 Bracer
41:43 Scale Barding Armor
41:49 Forging
46:57 Cavalier
joe_ten
12:11 Feudal Age
16:52 Castle Age
14:58 Double-Bit Axe
19:41 Fervor
23:35 Fletching
24:55 Bow Saw
26:01 Wheelbarrow
25:40 Horse Collar
27:03 Hand Cart
29:32 Imperial Age
30:25 Chemistry
30:37 Ballistics
30:15 Bodkin Arrow
31:40 Two-Man Saw
31:18 Conscription
31:42 Hand Cart
31:50 Padded Archer Armor
33:02 Wagenburg Tactics
37:04 Pikeman
Skerlitz
9:06 Loom
10:52 Feudal Age
13:41 Double-Bit Axe
15:15 Forging
16:09 Wheelbarrow
21:51 Castle Age
21:03 Scale Mail Armor
21:00 Horse Collar
22:29 Eagle Warrior
24:40 Iron Casting
24:13 Squires
26:32 Man-at-Arms
28:51 Hand Cart
37:42 Imperial Age
35:31 Chain Mail Armor
38:20 Elite Eagle Warrior
39:51 Conscription
40:58 Blast Furnace
40:53 Long Swordsman
42:48 Garland Wars
42:58 Two-Handed Swordsman
Connection lost

Rejoining the realm…

Still unreachable

The connection could not be restored.

Session expired

The server has moved on; the page needs a fresh start.